 Dungeon Crawl Stone Soup version 0.20.0-15-g7f486f2 (webtiles) character file.

130 skittles the Firebug (level 4, 0/33 HPs)
             Began as a Draconian Fire Elementalist on June 19, 2017.
             Slain by Grinder (6 damage)
             ... on level 3 of the Dungeon.
             The game lasted 00:05:10 (2219 turns).

skittles the Firebug (Draconian Fire Elementalist)  Turns: 2219, Time: 00:05:10

Health: 0/33       AC:  5    Str: 10    XL:     4   Next: 90%
Magic:  0/8        EV: 12    Int: 16    God:
Gold:   76         SH:  0    Dex: 12    Spells: 8/9 levels left

rFire    . . .     SeeInvis .   m - +1 dagger (venom)
rCold    . . .     Gourm    .   (no shield)
rNeg     . . .     Faith    .   (armour unavailable)
rPois    .         Spirit   .   (helmet restricted)
rElec    .         Reflect  .   (no cloak)
rCorr    .         Harm     .   (no gloves)
MR       .....                  (no boots)
Stlth    ++........             (no amulet)
Regen    0.2/turn               (no ring)
MPRegen  0.2/turn               (no ring)

@: very slightly contaminated
A: unfitting armour, cold-blooded, AC +5
a: no special abilities


You were on level 3 of the Dungeon.
You were not hungry.

You visited 1 branch of the dungeon, and saw 3 of its levels.

You collected 76 gold pieces.

Inventory:

Hand Weapons
 f - a +0 spear
 m - a +1 dagger of venom (weapon)
Wands
 h - a wand of acid (10/15)
Scrolls
 e - a scroll of remove curse
 j - a scroll of blinking {unknown}
 l - a scroll of amnesia {unknown}
 o - a scroll of enchant weapon
 q - a scroll of recharging {unknown}
Potions
 c - a potion of heal wounds {unknown}
 g - a potion of invisibility {unknown}
 i - a potion of brilliance {unknown}
 k - 2 potions of curing {unknown}
 n - a potion of lignification {unknown}
Books
 a - a book of Flames

   Spells                             Type                      Level
   a - Flame Tongue                   Conjuration/Fire             1
   b - Throw Flame                    Conjuration/Fire             2
   c - Conjure Flame                  Conjuration/Fire             3
   d - Inner Flame                    Hexes/Fire                   3
   e - Sticky Flame                   Conjuration/Fire             4
   f - Fireball                       Conjuration/Fire             5
Comestibles
 b - 3 bread rations
 d - 12 chunks of flesh
 p - 4 fruits


   Skills:
 - Level 1.7 Dodging
 - Level 1.7 Stealth
 + Level 3.2 Spellcasting
 + Level 2.7 Conjurations
 + Level 4.0 Fire Magic


You had 8 spell levels left.
You knew the following spells:

 Your Spells              Type           Power        Failure   Level  Hunger
a - Flame Tongue          Conj/Fire      ##...        4%          1    None


Dungeon Overview and Level Annotations

Branches:
Dungeon (3/15)

Altars:
Elyvilon
Sif Muna

Annotations:
D:3 Grinder


Innate Abilities, Weirdness & Mutations

Your plain brown scales are hard. (AC +5)
You cannot fit into any form of body armour.
You are cold-blooded and may be slowed by cold attacks.


Message History

The flame tongue hits Grinder.
Grinder is heavily wounded.
Grinder barely misses you. The rat misses you.
Casting: Flame Tongue
Confirm with . or Enter, or press ? or * to list all spells.
Aiming: Flame Tongue
Press: ? - help, Shift-Dir - straight line, f/p - Grinder
Aim: Grinder (heavily wounded)
The flame tongue misses Grinder.
Grinder closely misses you. The rat bites you but does no damage.
Casting: Flame Tongue
Confirm with . or Enter, or press ? or * to list all spells.
Aiming: Flame Tongue
Press: ? - help, Shift-Dir - straight line, f/p - Grinder
Aim: Grinder (heavily wounded)
You miscast Flame Tongue.
Wisps of smoke drift from your hands. Grinder hits you!
* * * LOW HITPOINT WARNING * * *
You writhe in agony.
You die...

.......##..#.........#
#.#
#.#....##.#.....#.# #.
#....###.##)...# #
##.#.....###.#.#
#.#..######.#.# # #..#
....... ##.#.†##.#
#.#.## #...r....#
#...#.@##.#
....##.5....... ##.#
#..####... #. #.## ..
# #. # .. #. #.


You could see Grinder and a rat.

Vanquished Creatures
  Jessica (D:3)
  Natasha (D:3)
  An adder (D:3)
  2 worms
  4 dart slugs
  A leopard gecko (D:2)
  4 orcs (D:3)
  2 giant cockroaches
  7 goblins
  5 hobgoblins
  3 jackals (D:1)
  6 bats
  5 frilled lizards
  9 kobolds
  4 rats
55 creatures vanquished.

Notes
Turn   | Place    | Note
-------+----------+-------------------------------------------
     0 | D:1      | skittles the Draconian Fire Elementalist began the quest for the Orb.
     0 | D:1      | Reached XP level 1. HP: 14/14 MP: 3/3
   175 | D:1      | Reached XP level 2. HP: 15/20 MP: 0/5
  1011 | D:2      | Reached XP level 3. HP: 26/26 MP: 0/6
  1381 | D:2      | Found a white marble altar of Elyvilon.
  1704 | D:3      | Noticed Jessica
  1708 | D:3      | Killed Jessica
  1708 | D:3      | Reached XP level 4. HP: 33/33 MP: 2/8
  1958 | D:3      | Found a deep blue altar of Sif Muna.
  2046 | D:3      | Noticed Natasha
  2053 | D:3      | Killed Natasha
  2061 | D:3      | Reached skill level 4 in Fire Magic
  2202 | D:3      | Noticed Grinder
  2219 | D:3      | Slain by Grinder

Skill      XL: |  1  2  3  4 |
---------------+-------------+-----
Conjurations   | 2 |  2.7
Spellcasting   | 3 |  3.2
Fire Magic     | 4 |  4.0
Dodging        | |  1.7
Stealth        | |  1.7

Action                   |  1- 3 |  4- 6 || total
-------------------------+-------+-------++-------
Melee: Unarmed           |    18 |       ||    18
       Club              |    33 |       ||    33
       Tailslap          |     8 |     8 ||    16
       Spear             |    65 |       ||    65
       Dagger            |     2 |    49 ||    51
 Cast: Flame Tongue      |    33 |    11 ||    44
  Use: Scroll            |       |     2 ||     2
 Stab: Distracted        |       |     1 ||     1
       Sleeping          |       |     1 ||     1
  Eat: Chunk             |     3 |     2 ||     5
Armor: Skin              |    36 |    12 ||    48
Dodge: Dodged            |    87 |    49 ||   136
